 Dungeon Crawl Stone Soup version 0.19.1-1-g22dce08 (webtiles) character file.

68 esteth the Skirmisher (level 4, 0/51 HPs)
             Began as a High Elf Fighter on Jan 9, 2017.
             Succumbed to a kobold's poison
             ... on level 3 of the Dungeon.
             The game lasted 00:04:21 (1360 turns).

esteth the Skirmisher (High Elf Fighter)            Turns: 1360, Time: 00:04:22

Health: 0/51       AC: 22    Str: 19 (20) XL:     4   Next: 1%
Magic:  5/5        EV:  2    Int: 10 (12) God:
Gold:   57         SH:  9    Dex: 12 (15) Spells: 0 memorised, 3 levels left

rFire  . . .     SeeInvis .     a - +0 rapier
rCold  . . .     Gourm    .     (armour currently unavailable)
rNeg   + + +     Faith    .     c - +0 shield
rPois  +         Spirit   .     (helmet currently unavailable)
rElec  .         Reflect  .     (cloak currently unavailable)
rCorr  .         Harm     .     (gloves currently unavailable)
MR     .....     NoTele   +     (boots currently unavailable)
Stlth  +.........               (no amulet)
                                (no ring)
                                m - ring of flight

@: mighty, lethally poisoned (0 -> -1), tree-form (expiring), very slightly
contaminated, hasted, very quick
A: no striking features
a: no special abilities


You were on level 3 of the Dungeon.
You were hungry.
You were a tree.
You visited 1 branch of the dungeon, and saw 3 of its levels.

You collected 57 gold pieces.

Inventory:

Hand Weapons
 a - a +0 rapier (weapon)
Armour
 b - a +0 scale mail (melded)
 c - a +0 shield (worn)
Jewellery
 m - a ring of flight (left branch)
Wands
 r - a wand of teleportation (6/9)
Scrolls
 h - a scroll of identify
 k - a scroll of fog
 l - 2 scrolls of amnesia {unknown}
 n - a scroll of enchant weapon {unknown}
 o - a scroll of random uselessness
 q - a scroll of magic mapping {unknown}
Potions
 d - a potion of might
Comestibles
 f - 3 bread rations {@e1}
 g - 3 chunks of flesh {@w0}
 j - a meat ration {@e2}
 s - a slice of pizza


   Skills:
 + Level 4.6 Fighting
 - Level 3.0 Short Blades
 - Level 2.6 Armour
 - Level 2.6 Shields


You had 3 spell levels left.
You didn't know any spells.

Dungeon Overview and Level Annotations

Branches:
Dungeon (3/15)

Altars:
Trog


Message History

Okay, then.
As you read the scroll labeled JUOXUAPSUXT, it crumbles to dust.
It is a scroll of identify.
k - a scroll of fog
* * * LOW HITPOINT WARNING * * *
You feel sick.
As you read the scroll labeled GIXANO APNA, it crumbles to dust.
Your nose twitches suddenly!
It was a scroll of random uselessness.
* * * LOW HITPOINT WARNING * * *
You feel sick.
* * * LOW HITPOINT WARNING * * *
You feel sick.
* * * LOW HITPOINT WARNING * * *
You feel sick.
* * * LOW HITPOINT WARNING * * *
You feel sick.
Your transformation is almost over.
* * * LOW HITPOINT WARNING * * *
You feel sick.
You die...

#. .. #. .# #. .# #.##.# #
#....# #..#....##
#.....†..# #)# #♣# #(#
####(########
#...........#
#.##.######.######.#
#.##.#####.........#
#######.##........########
............<####.#
######.###..# ##.##


There were no monsters in sight!

Vanquished Creatures
  2 adders
  An ooze (D:1)
  A worm (D:2)
  A leopard gecko (D:2)
  An orc (D:3)
  3 giant cockroaches
  5 goblins
  5 hobgoblins
  A ball python (D:2)
  7 bats (D:1)
  6 frilled lizards
  4 kobolds
  6 rats
43 creatures vanquished.

Notes
Turn   | Place    | Note
-------+----------+-------------------------------------------
     0 | D:1      | esteth the High Elf Fighter began the quest for the Orb.
     0 | D:1      | Reached XP level 1. HP: 16/16 MP: 2/2
   137 | D:1      | Reached XP level 2. HP: 21/21 MP: 3/3
   537 | D:2      | Reached XP level 3. HP: 27/27 MP: 4/4
   543 | D:2      | Reached skill level 4 in Fighting
   757 | D:2      | Noticed a moth of wrath
   760 | D:2      | Found a bloodstained altar of Trog.
  1324 | D:3      | Reached XP level 4. HP: 6/34 MP: 5/5
  1338 | D:3      | HP: 2/51 [poisoned by a kobold]
  1347 | D:3      | HP: 1/51 [poisoned by a kobold]
  1354 | D:3      | HP: 1/51 [poisoned by a kobold]
  1360 | D:3      | Succumbed to a kobold's poison

Skill      XL: |  1  2  3 |
---------------+----------+-----
Short Blades   | 3 |  3.0
Fighting       | 4 |  4.6
Armour         | |  2.6
Shields        | |  2.6

Action                   |  1- 3 |  4- 6 || total
-------------------------+-------+-------++-------
Melee: Rapier            |   137 |       ||   137
  Use: Potion            |     4 |       ||     4
       Scroll            |       |     2 ||     2
  Eat: Chunk             |     1 |       ||     1
Armor: Scale mail        |    58 |       ||    58
       Skin              |     3 |       ||     3
Dodge: Dodged            |    35 |       ||    35
Block: Shield            |    72 |       ||    72
